 Dungeon Crawl Stone Soup version 0.29.0-4-gdea44cf6ec (webtiles) character file.

Game seed: 12139111287202086138

1457 qw the Cleaver (level 8, 0/59 (70) HPs)
             Began as a Minotaur Fighter on Sept 4, 2022.
             Was an Initiate of Ru.
             Slain by a wight
             ... wielding a +3 trident
              (6 damage)
             ... on level 6 of the Dungeon.
             The game lasted 00:01:53 (4968 turns).

qw the Cleaver (Minotaur Fighter)                   Turns: 4968, Time: 00:01:54

HP:   0/59 (70)     AC: 12    Str: 23    XL:     8   Next: 47%
MP:   7/7           EV:  8    Int:  5    God:    Ru [......]
Gold: 276           SH:  4    Dex: 10    Spells: 7/7 levels left

rFire   . . .      SeeInvis .   n - +1 hand axe (vamp)
rCold   . . .      Faith    .   c - +0 buckler
rNeg    . . .      Spirit   .   j - +0 chain mail
rPois   +          Reflect  .   (helmet restricted)
rElec   .          Harm     .   (no cloak)
rCorr   .          Rampage  .   i - +2 pair of gloves
Will    +....                   (no boots)
Stlth   ..........              (no amulet)
HPRegen 0.19/turn               g - ring of willpower
MPRegen 0.10/turn               p - ring of poison resistance

@: heavily drained
A: horns 2, retaliatory headbutt
a: Renounce Religion


You were on level 6 of the Dungeon.
You worshipped Ru.
Ru was noncommittal.
You visited 2 branches of the dungeon, and saw 7 of its levels.

You collected 276 gold pieces.


Innate Abilities, Weirdness & Mutations

You have a pair of horns on your head.
You reflexively headbutt those who attack you in melee.


   Skills:
 - Level 6.2 Fighting
 - Level 11.0 Axes
 - Level 1.1 Throwing
 - Level 4.3 Armour
 - Level 2.2 Dodging
 + Level 3.6 Shields


You had 7 spell levels left.
You didn't know any spells.
Your spell library was empty.

Inventory:

Hand Weapons
 n - a +1 vampiric hand axe (weapon)
 y - a +2 whip of freezing
Missiles
 l - 5 boomerangs (quivered)
Armour
 c - a +0 buckler (worn)
 i - a +2 pair of gloves (worn)
 j - a +0 chain mail (worn)
Jewellery
 g - a ring of willpower (left hand)
 p - a ring of poison resistance (right hand)
 q - a ring of willpower
Scrolls
 t - a scroll of poison {unknown}
 u - a scroll of amnesia {unknown}
 v - a scroll of brand weapon {unknown}
 x - a scroll of teleportation {unknown}
 z - a scroll of fog {unknown}
Potions
 a - a potion of cancellation {unknown}
 b - a potion of heal wounds {unknown}
 d - 2 potions of might
 e - a potion of flight {unknown}
 f - a potion of curing
 h - 2 potions of resistance
 k - a potion of ambrosia {unknown}
 m - 2 potions of magic {unknown}
 o - a potion of lignification {unknown}
 r - a potion of haste {unknown}
 s - a potion of brilliance {unknown}
 w - a potion of attraction {unknown}

Dungeon Overview and Level Annotations

Branches:
Dungeon (6/15)             Temple (1/1) D:5

Altars:
Cheibriados
Gozag
Makhleb
Nemelex Xobeh
Ru
Uskayaw
Xom
Yredelemnul
Zin
The Shining One

Shops:
D:3 :


Message History

You feel drained.
You hit the wight but do no damage. You hit the wight. You slash the wight!
Your headbutt misses the wight.
The wight is almost destroyed.
You hit the wight but do no damage. The wight hits you but does no damage.
The wight hits you from afar with a +3 trident.
You feel drained. The wight hits you with a +3 hand axe.
You feel drained.
You hit the wight but do no damage.
The wight is almost destroyed.
You hit the wight but do no damage. You block the wight's attack.
The wight hits you from afar with a +3 trident.
You feel drained. The wight hits you with a +3 hand axe.
You closely miss the wight.
The wight is almost destroyed.
You hit the wight. The wight hits you but does no damage.
The wight hits you from afar with a +3 trident!
You feel drained. The wight hits you with a +3 hand axe!
You feel drained.
You barely miss the wight. Your headbutt misses the wight.
The wight is almost destroyed.
You hit the wight but do no damage. The wight barely misses you.
The wight hits you but does no damage.
You hit the wight. Your headbutt misses the wight.
The wight is almost destroyed.
You barely miss the wight. You barely miss the wight.
You headbutt the wight, but do no damage.
The wight is almost destroyed.
You hit the wight. The wight hits you with a +0 dagger.
The wight hits you from afar with a +3 trident.
The wight hits you with a +3 hand axe.
You hit the wight.
You destroy the wight!
You barely miss the wight. The wight hits you with a +0 dagger.
You feel drained.
The wight hits you from afar with a +3 trident.
You die...

########## ####.....>....#
.........#####....%........#
########..#...)#........####
#####..)###..........#
#......)###..........#
....####...............# .#
#####...........#
##..........# ##@)......#
......z........
.#####.z....... #.........
#......... #.........
#......... ##........


You could see 2 wights.

Vanquished Creatures
  Sigmund (D:2)
  A black bear (D:5)
  An ogre (D:5)
  A centaur (D:6)
  4 phantoms
  A necrophage (D:5)
  3 scorpions
  A wight (D:6)
  A howler monkey (D:5)
  2 gnoll boudas
  A jelly (D:6)
  2 hounds
  3 iguanas
  2 orc wizards
  5 adders
  3 gnolls (D:5)
  A white imp (D:6)
  An ufetubus (D:5)
  3 worms
  4 dart slugs
  7 orcs
  6 bats
  6 endoplasms
  2 giant cockroaches
  11 goblins
  6 hobgoblins
  2 quokkas
  6 ball pythons
  3 frilled lizards
  8 kobolds
  5 rats
  A spectral orc (D:3)
104 creatures vanquished.

Notes
Turn   | Place    | Note
-------+----------+-------------------------------------------
     0 | D:1      | qw the Minotaur Fighter began the quest for the Orb.
     0 | D:1      | Reached XP level 1. HP: 19/19 MP: 0/0
     0 | D:1      | 0 ||| qw: Version: 0.1-a-103-gd6f5d3a
     0 | D:1      | 0 ||| qw: Game counter: 5556
     0 | D:1      | 0 ||| qw: Always use a shield: true
     0 | D:1      | 0 ||| qw: God list: Ru
     0 | D:1      | 0 ||| qw: Allow faded altars: false
     0 | D:1      | 0 ||| qw: Do Orc after D:15 true
     0 | D:1      | 0 ||| qw: Do second Lair branch before Depths: true
     0 | D:1      | 0 ||| qw: Lair rune preference: random
     0 | D:1      | 0 ||| qw: Plans: Normal
     0 | D:1      | 0 ||| PLANNING D:1-11
    70 | D:1      | Reached skill level 3 in Axes
   150 | D:1      | 150 ||| Stepping ~*~*~tactically~*~*~ (stealth).
   157 | D:1      | Reached XP level 2. HP: 22/26 MP: 1/1
   228 | D:1      | 228 ||| Stepping ~*~*~tactically~*~*~ (stealth).
   809 | D:1      | 809 ||| UPGRADING to ring of willpower.
   810 | D:1      | 810 ||| DRINKING 2 murky orange potions.
   836 | D:2      | Noticed Sigmund
   837 | D:2      | 837 ||| STAIRDANCE
   840 | D:1      | Reached skill level 4 in Axes
   851 | D:2      | Reached XP level 3. HP: 22/31 MP: 2/2
   853 | D:2      | Killed Sigmund
   854 | D:2      | Reached skill level 7 in Axes
   854 | D:2      | Reached XP level 4. HP: 24/39 MP: 3/3
   854 | D:2      | Reached XP level 5. HP: 27/45 MP: 4/4
   922 | D:2      | 922 ||| FLEEEEING.
   923 | D:2      | 923 ||| FLEEEEING.
   924 | D:2      | 924 ||| STAIRDANCE
   987 | D:2      | 987 ||| Stepping ~*~*~tactically~*~*~ (stealth).
  1007 | D:2      | 1007 ||| Stepping ~*~*~tactically~*~*~ (stealth).
  1009 | D:2      | 1009 ||| Stepping ~*~*~tactically~*~*~ (stealth).
  1021 | D:2      | 1021 ||| Stepping ~*~*~tactically~*~*~ (stealth).
  1022 | D:2      | 1022 ||| Stepping ~*~*~tactically~*~*~ (stealth).
  1042 | D:2      | 1042 ||| Stepping ~*~*~tactically~*~*~ (hiding).
  1173 | D:2      | Reached skill level 1 in Dodging
  1200 | D:2      | 1200 ||| Stepping ~*~*~tactically~*~*~ (stealth).
  1212 | D:2      | 1212 ||| Stepping ~*~*~tactically~*~*~ (stealth).
  1425 | D:2      | Found a glowing golden altar of the Shining One.
  1764 | D:2      | 1764 ||| UPGRADING to +0 chain mail.
  1774 | D:2      | 1774 ||| DROPPING +0 scale mail.
  1775 | D:2      | 1775 ||| READING scroll labelled ICLIAGAATU.
  1776 | D:2      | 1776 ||| READING scroll labelled PADELUH HIDAF.
  1777 | D:2      | 1777 ||| READING scroll labelled SULANAXKOP.
  1821 | D:3      | Found a basalt altar of Yredelemnul.
  1968 | D:3      | Found Koafep's Book Boutique.
  1991 | D:3      | 1991 ||| Stepping ~*~*~tactically~*~*~ (stealth).
  1994 | D:3      | 1994 ||| Stepping ~*~*~tactically~*~*~ (stealth).
  2017 | D:3      | Reached XP level 6. HP: 50/52 MP: 5/5
  2041 | D:3      | Found an opulent altar of Gozag.
  2418 | D:3      | 2418 ||| READING scroll labelled IFEIBA LOFF.
  2419 | D:3      | 2419 ||| DRINKING 3 bubbling purple potions.
  3229 | D:4      | 3229 ||| Stepping ~*~*~tactically~*~*~ (water).
  3236 | D:4      | Reached skill level 8 in Axes
  3448 | D:4      | 3448 ||| UPGRADING to +2 pair of gloves.
  3453 | D:4      | 3453 ||| READING 2 scrolls labelled WEEL RIGOST.
  3454 | D:4      | 3454 ||| READING scroll labelled ANAERH ULURERR.
  3455 | D:4      | 3455 ||| DROPPING scroll of noise.
  3481 | D:5      | Entered Level 5 of the Dungeon
  3533 | D:5      | Reached skill level 9 in Axes
  3533 | D:5      | Reached XP level 7. HP: 49/59 MP: 6/6
  3656 | D:5      | 3656 ||| Stepping ~*~*~tactically~*~*~ (stealth).
  3658 | D:5      | 3658 ||| Stepping ~*~*~tactically~*~*~ (stealth).
  3702 | D:5      | 3702 ||| DRINKING 2 potions of curing.
  3702 | D:5      | 3702 ||| (to cure confusion)
  3709 | D:5      | 3709 ||| Stepping ~*~*~tactically~*~*~ (water).
  3843 | D:5      | 3843 ||| Stepping ~*~*~tactically~*~*~ (stealth).
  3965 | D:5      | 3965 ||| Stepping ~*~*~tactically~*~*~ (stealth).
  3991 | D:5      | Found a staircase to the Ecumenical Temple.
  3992 | D:5      | 3992 ||| PLANNING TEMPLE
  3992 | D:5      | 3992 ||| UPGRADING to ring of poison resistance.
  3993 | D:5      | 3993 ||| READING scroll labelled GILOTH TOINTO.
  4001 | Temple   | Entered the Ecumenical Temple
  4008 | Temple   | Became a worshipper of Ru the Awakened
  4013 | Temple   | 4013 ||| PLANNING D:1-11
  4034 | D:5      | 4034 ||| Stepping ~*~*~tactically~*~*~ (hiding).
  4043 | D:5      | Reached skill level 10 in Axes
  4051 | D:5      | Reached skill level 1 in Throwing
  4092 | D:5      | 4092 ||| SWAPPING to +1 vampiric hand axe.
  4093 | D:5      | 4093 ||| DROPPING +1 war axe.
  4408 | D:5      | Reached skill level 6 in Fighting
  4408 | D:5      | Reached XP level 8. HP: 66/70 MP: 7/7
  4423 | D:5      | 4423 ||| Stepping randomly (stuck).
  4454 | D:6      | 4454 ||| STAIRDANCE
  4764 | D:6      | 4764 ||| Stepping ~*~*~tactically~*~*~ (stealth).
  4766 | D:6      | 4766 ||| Stepping ~*~*~tactically~*~*~ (hiding).
  4772 | D:6      | 4772 ||| Stepping ~*~*~tactically~*~*~ (stealth).
  4788 | D:6      | 4788 ||| DROPPING +0 whip.
  4809 | D:6      | Reached skill level 11 in Axes
  4953 | D:6      | 4953 ||| Stepping ~*~*~tactically~*~*~ (hiding).
  4967 | D:6      | HP: 15/60 [wight/+3 trident (6)]
  4968 | D:6      | HP: 7/60 [wight/+0 dagger (3)]
  4968 | D:6      | Slain by a wight

Levels and vault maps discovered:
D:1:      dreamdust_arrival_beginning_and_end, layout_loops_cross
D:2:      layout_loops_ring, basic_altar, minmay_cupped, uniq_sigmund
D:3:      layout_loops_ring, mainiacjoe_overflow_cross_hatched,
          yredelemnul_forgotten_temple_becter, serial_shops, nicolae_shop_trees
D:4:      layout_loops_corners, serial_bayou_pond_e, minmay_misc_feat_encased,
          chequers_serial_rivers_room_a, minivault_11, kennysheep_generic_room_2
D:5:      wander_river, layout_loops_ring, minmay_temple_entry_drinking_statues
D:6:      layout_rooms, lemuel_round_altar
Temple:   hellmonk_temple_of_storms

Skill      XL: |  1  2  3  4  5  6  7  8 |
---------------+-------------------------+-----
Axes           | 3 4 7 9 10 11 | 11.0
Dodging        | 1 2 |  2.2
Fighting       | 4 6 |  6.2
Throwing       | 1 |  1.1
Armour         | 4 |  4.3
Shields        | |  3.6

Action                   |  1- 3 |  4- 6 |  7- 9 || total
-------------------------+-------+-------+-------++-------
Melee: War axe           |    43 |    91 |    41 ||   175
       Headbutt          |     5 |    13 |    17 ||    35
       Hand axe          |       |       |    60 ||    60
Throw: Boomerang         |       |    53 |    18 ||    71
  Use: Potion            |     1 |     1 |     1 ||     3
       Scroll            |       |     6 |     1 ||     7
 Stab: Distracted        |       |     1 |       ||     1
Armor: Scale mail        |    17 |    10 |       ||    27
       Chain mail        |       |    24 |    38 ||    62
Dodge: Dodged            |    21 |    35 |    26 ||    82
Block: Buckler           |     8 |    11 |    17 ||    36

Table legend:
 A = Non-vault XP
 B = Vault XP
 C = Vault XP percentage of total XP
 D = Non-vault monster count
 E = Vault monster count
 F = Vault count percentage of total count
                 A         B        C        D         E       F
            +---------+---------+-------+---------+---------+-------
      Total |    1834 |     322 |  14.9 |      98 |       6 |   5.8
            +---------+---------+-------+---------+---------+-------
        D:1 |      30 |       0 |   0.0 |      16 |       0 |   0.0
        D:2 |      51 |     242 |  82.6 |      19 |       3 |  13.6
        D:3 |      61 |       1 |   1.6 |      21 |       1 |   4.5
        D:4 |     107 |      79 |  42.5 |      11 |       2 |  15.4
        D:5 |     951 |       0 |   0.0 |      18 |       0 |   0.0
        D:6 |     634 |       0 |   0.0 |      13 |       0 |   0.0
            +---------+---------+-------+---------+---------+-------
